 Dungeon Crawl Stone Soup version 0.19-a0-1468-ge013c26 (webtiles) character file.

552015 Legolas the Elven Blade (level 25, -2/219 (220) HPs)
             Began as a High Elf Fighter on Sept 7, 2016.
             Was the Champion of Makhleb.
             Slain by a vault guard
             ... wielding a +1 war axe of chopping
              (14 damage)
             ... on level 5 of the Vaults.
             The game lasted 02:40:05 (61778 turns).

Legolas the Elven Blade (High Elf Fighter)         Turns: 61778, Time: 02:40:06

HP:   -2/219 (220)  AC: 40    Str: 28    XL:     25   Next: 58%
MP:   0/57          EV: 20    Int: 17    God:    Makhleb [******]
Gold: 4398          SH:  0    Dex: 27    Spells: 6 memorised, 27 levels left

rFire  + . .     SeeInvis .     W - +5 great sword (vamp)
rCold  + . .     Gourm    .     r - +9 plate armour of Vlad {Regen+ Str-4 Slay+5}
rNeg   + + +     Faith    .     (shield currently unavailable)
rPois  +         Spirit   +     o - +0 Maxwell's etheric cage {RegenMP+ *Contam rElec MP+4}
rElec  +         Dismiss  .     I - +0 cloak of Sunlight {rN+ MP+9}
rCorr  .         Reflect  .     b - +5 pair of gloves "Cofroisa" {rPois Str+4 Dex-4}
MR     +++..     Harm     .     p - +0 pair of boots "Angihoth" {Str+4 Dex+5}
Stlth  ..........               L - amulet of guardian spirit
                                F - ring "Usoibui" {rC+ rN+ MR+ Dex+4}
                                H - ring "Reirriyd" {rF+ rN+ Str+3}

@: no status effects
A: rugged brown scales 1, clever 1, robust 1, strong 1
a: Minor Destruction, Lesser Servant of Makhleb, Major Destruction, Greater
Servant of Makhleb, Renounce Religion
}: 2/15 runes: decaying, serpentine


You were on level 5 of the Vaults.
You worshipped Makhleb.
Makhleb was exalted by your worship.
You were not hungry.

You visited 10 branches of the dungeon, and saw 48 of its levels.
You visited the Abyss 1 time.
You also visited: Ice Cave and Volcano.

You collected 7181 gold pieces.
You spent 2783 gold pieces at shops.

Inventory:

Hand Weapons
 y - a +4 great sword of holy wrath
 E - a +2 double sword of draining
 N - the +3 double sword of Blind Justice {drain, rC++ Str+5 Int+4}
   (Okawaru gifted it to you on level 1 of the Lair of Beasts)

   A truly terrible weapon, it drains the life of those it strikes.
   It affects your strength (+5).
   It affects your intelligence (+4).
   It greatly protects you from cold.
 Q - a +3 triple sword of electrocution
 W - a +5 vampiric great sword (weapon)
Armour
 b - the +5 pair of gloves "Cofroisa" (worn) {rPois Str+4 Dex-4}
   (You bought it in a shop on level 2 of the Orcish Mines)

   It affects your strength (+4).
   It affects your dexterity (-4).
   It protects you from poison.
 o - the +0 Maxwell's etheric cage (worn) {RegenMP+ *Contam rElec MP+4}
   (You found it on level 3 of the Elven Halls)

   It insulates you from electricity.
   It affects your magic capacity (+4).
   It causes magical contamination when unequipped.
 p - the +0 pair of boots "Angihoth" (worn) {Str+4 Dex+5}
   (You found it on level 3 of the Elven Halls)

   It affects your strength (+4).
   It affects your dexterity (+5).
 r - the +9 plate armour of Vlad (worn) {Regen+ Str-4 Slay+5}
   (You found it on level 3 of the Elven Halls)

   It affects your strength (-4).
   It affects your accuracy and damage with ranged weapons and melee attacks
   (+5).
   It increases your rate of regeneration.
 w - the +1 animal skin of Magic {rN+ Regen+ Dex+4 Slay+3}
   (Okawaru gifted it to you on level 2 of the Snake Pit)

   It affects your dexterity (+4).
   It affects your accuracy and damage with ranged weapons and melee attacks
   (+3).
   It protects you from negative energy.
   It increases your rate of regeneration.
 x - the +0 helmet of Uskayaw's Reproof {*Drain Int+6 Dex+3 Stlth+}
   (You bought it in a shop on level 4 of the Dungeon)

   It affects your intelligence (+6).
   It affects your dexterity (+3).
   It causes draining when unequipped.
   It makes you more stealthy.
 B - the +1 hat "Hoeruivvygh" {-Cast Regen+ rCorr Str+2}
   (You found it on level 5 of the Dungeon)

   It affects your strength (+2).
   It prevents spellcasting.
   It increases your rate of regeneration.
   It protects you from acid and corrosion.
 I - the +0 cloak of Sunlight (worn) {rN+ MP+9}
   (Okawaru gifted it to you on level 3 of the Vaults)

   It protects you from negative energy.
   It affects your magic capacity (+9).
Jewellery
 F - the ring "Usoibui" (right hand) {rC+ rN+ MR+ Dex+4}
   (You found it on level 3 of the Elven Halls)

   [ring of positive energy]

   It affects your dexterity (+4).
   It protects you from cold.
   It protects you from negative energy.
   It affects your resistance to hostile enchantments.
 H - the ring "Reirriyd" (left hand) {rF+ rN+ Str+3}
   (You found it on level 3 of the Vaults)

   [ring of positive energy]

   It affects your strength (+3).
   It protects you from fire.
   It protects you from negative energy.
 L - an amulet of guardian spirit (around neck)
 M - a cursed -4 ring of dexterity {unknown}
Wands
 k - a wand of lightning (7/15)
 t - a wand of hasting (5/9)
 G - a wand of disintegration (14/24)
Scrolls
 g - a scroll of blinking
 i - 21 scrolls of remove curse
 j - 10 scrolls of identify
 l - 15 scrolls of amnesia
 m - 6 scrolls of fog
 u - 11 scrolls of fear
 z - 2 scrolls of holy word
 K - 5 scrolls of recharging
 P - 7 scrolls of teleportation
 T - a scroll of enchant armour
 X - 2 scrolls of magic mapping
 Z - 9 scrolls of immolation
Potions
 a - 8 potions of brilliance
 c - a potion of invisibility
 e - 4 potions of curing
 n - 8 potions of mutation
 s - 2 potions of haste
 C - 4 potions of cure mutation
 J - 7 potions of cancellation
 R - 4 potions of heal wounds
 S - a potion of flight
 U - 3 potions of magic
 V - 5 potions of berserk rage
 Y - 3 potions of resistance
Miscellaneous
 d - a box of beasts
 q - a lamp of fire
 A - a sack of spiders
Comestibles
 f - 17 bread rations
 D - 37 fruits


   Skills:
 + Level 22.0 Fighting
 - Level 26.4 Long Blades
   Level 2.1 Bows
 + Level 17.5 Armour
 + Level 13.3 Dodging
   Level 4.6 Shields
 * Level 16.6 Spellcasting
 - Level 2.3 Charms
 - Level 1.5 Necromancy
 * Level 18.3 Air Magic
 + Level 10.2 Invocations


You had 27 spell levels left.
You knew the following spells:

 Your Spells              Type           Power        Failure   Level  Hunger
a - Blink                 Tloc           N/A          34%         2    None
b - Regeneration          Chrm/Necr      ###.......   30%         3    None
c - Tornado               Air            ######....   100%        9    #######
d - Necromutation         Tmut/Necr      ###.......   100%        8    #######
e - Repel Missiles        Chrm/Air       #####.       1%          2    None
f - Haste                 Chrm           ###.....     100%        6    #####..


Dungeon Overview and Level Annotations

Branches:
Dungeon (15/15)            Temple (1/1) D:7            Lair (6/6) D:11
  Swamp (4/4) Lair:4        Snake (4/4) Lair:4        Slime (0/5) Lair:5
    Orc (2/2) D:9             Elf (3/3) Orc:2        Vaults (5/5) D:13
  Crypt (3/3) Vaults:2       Tomb (0/3) Crypt:3      Depths (5/5) D:15
    Zot (0/5) Depths:5

Altars:
Ashenzari
Cheibriados
Dithmenos
Elyvilon
Fedhas
Gozag
Hepliaklqana
Kikubaaqudgha
Makhleb
Nemelex Xobeh
Okawaru
Qazlal
Ru
Sif Muna
Trog
Uskayaw
Vehumet
Xom
Yredelemnul
Zin
The Shining One
Beogh
Jiyva

Shops:
D:4 [   D:11 [   D:12 (%%*   D:15 *   Orc:2 [}[?:[*   Elf:1 [   Snake:3 ((}}%
Snake:4 *

Portals:
Hell: Depths:1 Depths:2 Depths:3 Depths:4 Depths:5
Abyss: Depths:4
Pandemonium: Depths:1 Depths:3
Ziggurat: Depths:4

Annotations:
D:5 Prince Ribbit; stickyfingers's ghost, novice HOMo
Depths:2 exclusion: orange crystal statue
Depths:5 2 runed doors


Innate Abilities, Weirdness & Mutations

You are partially covered in rugged brown scales. (AC +1, +3% HP)
Your mind is acute. (Int +2)
You are robust. (+10% HP)
Your muscles are strong. (Str +2)


Message History

The vault guard completely misses you.
The ironbrand convoker barely misses you.
The deep elf high priest utters a dark prayer and points at you.
You are unaffected.
The vault guard completely misses you.
You riposte.
You slice the vault guard!!
You feel better.
The vault guard is moderately wounded.
The ironbrand convoker hits you with a dire flail!!
* * * LOW HITPOINT WARNING * * *
The vault guard hits you with an enchanted long sword!
* * * LOW HITPOINT WARNING * * *
The vault warden hits you with a great mace of protection!
* * * LOW HITPOINT WARNING * * *
A crawling corpse merges with a small abomination to form a large abomination.
The large abomination hits you!!
* * * LOW HITPOINT WARNING * * *
A crawling corpse merges with a small abomination to form a large abomination.
The vault guard hits you from afar with an enchanted glaive.
* * * LOW HITPOINT WARNING * * *
The vault guard hits you with a war axe of chopping!
You die...

,,,,,*,,,,,,*,,*,,,,*,,,,,,,*,*,*
,,,,,,*,,,,*#..#....#,,*,,,,,,,,,
,,*,,,,*,,**#..#....#,,#,,,,,,,,,
,***,,,,**###..#....#,.#**,,*,*,*
** **,,,,,,....#....#...,,,,,,,,,
* **,,,,,,....X.......,,,,,,,,,
*********#####.*Q.....##*********
,,,,,,,,,.....xXpp<.....,,,,,,,,,
,,,,,,,,,.....Ce@pp<....,,,,,,,,,
,,,,,,,,,.....Cppp<.....,,,,,,,,,
,,,,,,,,,.....xpX.......,,,,,,,,,
*********#####........##*********
*,,**,,**,,**...........+*****
*,,**,,**,,*#..#....#.##*,,,,***
,**,,**,,**,.###....#+#,,,,,,,,*
,**,,**,,**..**#....#*,,,,,,,,,**
*,,**,,**,,**,,*,,,,**,,,,,,,,,,*


You could see 2 titans, a vault warden, a tengu reaver, 4 vault guards, a deep
elf high priest, 3 large abominations, 3 ironbrand convokers, a small
abomination, a battlesphere and a crawling corpse.

Vanquished Creatures
  An ancient lich (Depths:2)
  3 juggernauts (Depths:3)
  Bai Suzhen (Swamp:3)
  Vashnia (Snake:4)
  Margery (Crypt:1)
  A caustic shrike (Depths:3)
  Nikola (Swamp:2)
  2 golden dragons
  Jory (Depths:4)
  The ghost of stickyfingers the Spry, an adept HOMo of the Shining One (Depths:5)
  2 bone dragons (Depths:5)
  Jorgrun (Vaults:1)
  2 tentacled monstrosities
  An Ice Fiend (IceCv)
  Asterion (Snake:4)
  4 acid blobs (Depths:4)
  6 liches
  9 titans
  4 deep elf blademasters
  6 deep elf master archers
  3 sphinxes
  Gastronok (Lair:1)
  5 shadow dragons
  3 ancient champions
  4 storm dragons
  Frances (Swamp:1)
  A tentacled starspawn (Abyss:4)
  5 revenants
  A thorn hunter (Swamp:3)
  A tengu reaver (Vaults:2)
  5 greater nagas
  A draconian monk (Depths:5)
  8 vault wardens
  Aizul (Swamp:4)
  13 deep elf sorcerers
  A draconian shifter (Depths:5)
  13 frost giants
  6 deep elf elementalists (Elf:3)
  A curse skull (Crypt:3)
  19 fire giants
  Louise (Swamp:1)
  The ghost of DEFE the Markscentaur, a journeyman CeHu of Okawaru (Lair:6)
  13 ironheart preservers
  3 ghouls
  A spriggan defender (Depths:4)
  A draconian annihilator (Depths:5)
  2 war gargoyles
  A reaper (Depths:3)
  14 very ugly things
  2 caustic shrike skeletons
  6 vampire knights
  21 stone giants
  An entropy weaver (Vaults:3)
  4 green draconians (Depths:5)
  2 purple draconians (Depths:5)
  3 yellow draconians (Depths:5)
  A black draconian (Depths:5)
  8 deep elf demonologists
  2 mottled draconians
  10 deep elf annihilators
  5 red draconians
  12 spark wasps
  10 ettins
  A white draconian (Depths:5)
  7 deep elf death magi
  6 eidola
  A great orb of eyes (shapeshifter) (Abyss:4)
  4 deep elf high priests
  7 death oozes (Depths:4)
  Fannar (D:10)
  4 jiangshi
  12 fire dragons
  A quicksilver dragon zombie (Crypt:2)
  2 merfolk impalers
  17 yaktaur captains
  15 ice dragons
  5 rakshasas
  21 hydras
  20 naga warriors
  Harold (D:11)
  12 ogre magi
  7 great orbs of eyes
  32 vault guards
  4 catoblepae
  16 anacondas
  Erica (Lair:1)
  4 death knights
  3 spriggan air magi
  A ghost crab (Swamp:4)
  21 centaur warriors
  25 dancing weapons
  12 alligators
  A tengu warrior (Depths:4)
  8 deep troll earth magi
  14 death yaks
  6 deep troll shamans
  13 naga sharpshooters
  The ghost of jacquesderrida the Carver, a journeyman VSWn of Ashenzari (IceCv)
  A thrashing horror (Abyss:4)
  An orc high priest (Orc:2)
  7 spriggan berserkers
  Urug (D:10)
  A spectral storm dragon (Crypt:3)
  5 vampire magi
  A shock serpent (shapeshifter) (Vaults:1)
  2 small abominations
  The ghost of Amnesiac the Covert, a journeyman FeEn of Dithmenos (Lair:2)
  3 soul eaters
  A titan zombie (Crypt:2)
  16 hell knights
  8 shock serpents
  6 salamander mystics
  A titan skeleton (Crypt:1)
  2 fire crabs (shapeshifter)
  22 shadow wraiths
  39 deep elf knights
  5 iron trolls
  4 large abominations
  A spectral anaconda (Crypt:3)
  30 skeletal warriors
  2 spriggan druids
  18 deep trolls
  8 flayed ghosts
  A swamp dragon (Swamp:4)
  An unseen horror (D:10)
  7 wizards
  14 naga ritualists
  3 spectral hydras (Depths:2)
  2 death drakes (Depths:2)
  16 harpies
  4 giant orange brains
  An orange crystal statue (Depths:2)
  20 phantasmal warriors
  6 necromancers
  Pikel (D:8)
  2 shambling mangroves (Swamp:2)
  28 deep elf archers
  11 orc knights
  8 hill giants
  18 ironbrand convokers
  12 mana vipers
  26 ugly things
  A harpy (shapeshifter) (Depths:2)
  4 wolf spiders
  75 deep elf magi
  4 hornets
  6 griffons
  A stone giant zombie (Vaults:3)
  A manticore (D:13)
  A frost giant zombie (Crypt:3)
  3 orc sorcerers
  2 shadow dragon skeletons
  3 centaur zombies
  7 guardian serpents
  2 guardian serpents (shapeshifter) (Abyss:4)
  2 cyclopes
  18 salamanders
  19 elephants
  22 naga magi
  A black mamba (shapeshifter) (D:15)
  39 black mambas
  A yaktaur zombie (Vaults:3)
  3 ice statues (IceCv)
  3 torpor snails (Lair:6)
  Maurice (D:13)
  A human skeleton (Vaults:3)
  20 vault sentinels
  2 gargoyles
  23 freezing wraiths
  9 centaur skeletons
  14 spiny frogs
  A komodo dragon (shapeshifter) (Vaults:3)
  A rime drake (Lair:6)
  2 catoblepas skeletons
  An anaconda simulacrum (IceCv)
  7 komodo dragons
  29 yaktaurs
  9 ice devils (IceCv)
  3 spectral merfolk (Depths:2)
  4 polar bears (Lair:2)
  A hydra zombie (Crypt:1)
  3 meliai (Lair:4)
  A harpy zombie (Crypt:2)
  5 trolls
  A queen bee (Lair:4)
  4 raiju
  7 giant leeches
  5 boulder beetles
  A hydra skeleton (Crypt:3)
  6 bog bodies
  A dream sheep (shapeshifter) (Vaults:3)
  23 two-headed ogres
  20 blink frogs
  2 harpy skeletons (Crypt:2)
  15 slime creatures
  A fire giant simulacrum (Vaults:4)
  2 ettin zombies (Crypt:2)
  An ice dragon zombie (Crypt:2)
  9 flying skulls (Crypt:3)
  4 air elementals
  A black mamba zombie (Crypt:2)
  A spriggan (shapeshifter) (Vaults:4)
  An alligator skeleton (Crypt:2)
  15 water elementals
  9 spriggans
  3 wyverns
  4 dire elephant simulacra (IceCv)
  43 yaks
  A basilisk (shapeshifter) (Vaults:3)
  A vampire (Abyss:4)
  2 centaur simulacra
  17 shadows
  18 wraiths
  2 fire elementals
  A human (shapeshifter) (Depths:5)
  A fire bat (shapeshifter) (Depths:2)
  2 basilisks
  5 swamp worm simulacra (Swamp:4)
  10 hippogriffs
  A human simulacrum (Vaults:1)
  A chaos spawn (Abyss:4)
  A steam dragon (Lair:4)
  7 hungry ghosts
  22 vampire mosquitoes
  4 insubstantial wisps (Swamp:2)
  21 swamp worms
  14 wargs
  4 harpy simulacra (IceCv)
  58 nagas
  A soldier ant (D:14)
  Edmund (D:4)
  13 water moccasins
  2 giant eyeballs
  A spiny frog zombie (Crypt:2)
  Duvessa (D:7)
  15 hydra simulacra (Swamp:4)
  4 hell hounds (Depths:2)
  A spectral spriggan (Depths:2)
  7 porcupines
  10 swamp drakes
  5 ice beasts
  A faun skeleton (Crypt:3)
  4 sky beasts
  5 black bears
  A phantom (D:7)
  50 orc warriors
  17 wasps
  An ettin simulacrum (IceCv)
  An ice beast (shapeshifter) (Vaults:3)
  A human zombie (Vaults:3)
  An eye of draining (D:13)
  A spectral troll (Depths:2)
  51 ogres
  12 boggarts
  2 snapping turtle zombies
  A tengu (shapeshifter) (Depths:2)
  7 wolves
  5 necrophages
  39 centaurs
  13 crocodiles
  3 big kobolds
  A komodo dragon zombie (Crypt:1)
  20 giant frogs
  A glowing shapeshifter simulacrum (Vaults:4)
  A hell hound zombie (Crypt:1)
  3 earth elementals
  Dowan (D:7)
  A scorpion (shapeshifter) (Depths:4)
  A water moccasin skeleton (D:10)
  6 scorpions
  A wyvern skeleton (D:13)
  35 killer bees
  A queen bee zombie (Crypt:1)
  4 spectral ogres (Depths:2)
  2 spectral nagas (Depths:2)
  A spriggan skeleton (D:10)
  A troll skeleton (D:10)
  13 wights
  An electric eel (D:14)
  2 howler monkeys
  2 polar bear skeletons
  A spectral centaur (Depths:2)
  7 crimson imps
  A black bear zombie (Crypt:3)
  8 hounds
  3 giant frog zombies
  17 orc priests
  4 jellies
  3 gnoll shamans (D:9)
  An iron imp (Abyss:4)
  19 worker ants
  11 iguanas
  21 orc wizards
  A hell rat (Lair:4)
  2 spriggan simulacra (Depths:2)
  A naga zombie (Crypt:2)
  A tengu zombie (Crypt:2)
  A demigod skeleton (Crypt:1)
  2 hound skeletons (D:4)
  A howler monkey zombie (D:11)
  2 worker ant zombies
  8 gnolls (D:9)
  A naga simulacrum (Depths:2)
  13 adders
  2 howler monkey skeletons
  68 river rats
  4 shadow imps
  A steam dragon skeleton (Crypt:1)
  A swamp drake skeleton (Crypt:1)
  2 oozes
  3 swamp drake simulacra (Swamp:4)
  A worm zombie (Crypt:3)
  An adder skeleton (D:4)
  2 adder zombies
  A worm (D:2)
  3 dart slugs
  4 giant geckos
  95 orcs
  2 bat skeletons
  6 giant cockroaches
  5 goblins
  6 hobgoblins
  2 jackals (D:2)
  14 kobolds
  4 quokkas
  2 ball pythons (D:2)
  A ball python zombie (D:5)
  19 bats
  A giant gecko skeleton (D:7)
  A giant gecko zombie (D:5)
  2 giant newts
  A kobold zombie (Crypt:2)
  An orc skeleton (Crypt:1)
  A quokka skeleton (D:9)
  12 rats
  2 starspawn tentacles (Abyss:4)
2440 creatures vanquished.

Vanquished Creatures (collateral kills)
  Rupert (D:13)
  A scorpion (D:13)
2 creatures vanquished.

Vanquished Creatures (others)
  An alligator (Swamp:2)
  2 deep elf knights
  A shadow wraith (Vaults:3)
  2 skeletal warriors (Vaults:1)
  A deep elf archer (Vaults:2)
  2 deep elf magi
  A naga mage (Snake:1)
  A shadow (Depths:2)
  A naga (Snake:2)
  A swamp worm (Swamp:4)
  A boggart (Depths:2)
  2 centaurs (Vaults:1)
  A scorpion (D:8)
  A spectral centaur (Depths:2)
  An orc wizard (D:8)
  2 orc priests
  3 orcs
  15 fungi
  8 plants
  2 starspawn tentacles (Abyss:4)
  15 withered plants (Crypt:3)
64 creatures vanquished.

Grand Total: 2506 creatures vanquished

Notes
Turn   | Place    | Note
-------+----------+-------------------------------------------
     0 | D:1      | Legolas the High Elf Fighter began the quest for the Orb.
     0 | D:1      | Reached XP level 1. HP: 16/16 MP: 2/2
   258 | D:1      | Reached XP level 2. HP: 21/21 MP: 3/3
   803 | D:2      | Reached skill level 3 in Long Blades
  1179 | D:2      | Found an opulent altar of Gozag.
  1192 | D:2      | Reached XP level 3. HP: 13/26 MP: 4/4
  1485 | D:2      | Found a deep blue altar of Sif Muna.
  1486 | D:2      | Found a blossoming altar of Fedhas.
  1487 | D:2      | Found a shattered altar of Ashenzari.
  1489 | D:2      | Found a hazy altar of Hepliaklqana.
  1490 | D:2      | Found a radiant altar of Vehumet.
  2332 | D:3      | Reached XP level 4. HP: 30/31 MP: 5/5
  2551 | D:3      | Noticed a giant frog
  2559 | D:3      | Killed a giant frog
  2559 | D:3      | Reached XP level 5. HP: 22/36 MP: 6/6
  2811 | D:3      | Found an iron altar of Okawaru.
  2836 | D:3      | Became a worshipper of Warmaster Okawaru
  2875 | D:3      | Found a stormy altar of Qazlal.
  2876 | D:3      | Noticed an air elemental
  2876 | D:3      | Noticed a water elemental
  2876 | D:3      | Noticed a fire elemental
  3186 | D:4      | Found Cude's Antique Armour Shoppe.
  3204 | D:4      | Noticed Edmund
  3215 | D:4      | Reached skill level 1 in Dodging
  3223 | D:4      | Killed Edmund
  3223 | D:4      | Reached * piety under Okawaru
  3223 | D:4      | Reached skill level 4 in Long Blades
  3223 | D:4      | Reached XP level 6. HP: 21/43 MP: 7/7
  3828 | D:4      | Noticed a sky beast
  3841 | D:4      | Gained mutation: Your muscles are strong. (Str +2) [potion of mutation]
  3841 | D:4      | Gained mutation: You are robust. (+10% HP) [potion of mutation]
  4120 | D:4      | Reached XP level 7. HP: 45/52 MP: 8/8
  4616 | D:4      | Reached skill level 5 in Long Blades
  5066 | D:5      | Entered Level 5 of the Dungeon
  5175 | D:4      | Bought an ichor-stained helmet for 228 gold pieces
  5180 | D:4      | Identified the cursed +0 helmet of Uskayaw's Reproof {*Drain Int+6 Dex+3 Stlth+} (You bought it in a shop on level 4 of the Dungeon)
  5240 | D:5      | Reached ** piety under Okawaru
  5242 | D:5      | Noticed stickyfingers's ghost (novice HOMo)
  5414 | D:5      | Reached skill level 6 in Long Blades
  5487 | D:5      | Got a faintly glowing hat
  5490 | D:5      | Identified the +1 hat "Hoeruivvygh" {-Cast Regen+ rCorr Str+2} (You found it on level 5 of the Dungeon)
  5565 | D:5      | Noticed Prince Ribbit
  5631 | D:6      | Found an ancient bone altar of Kikubaaqudgha.
  5680 | D:6      | Reached XP level 8. HP: 58/59 MP: 9/9
  5710 | D:6      | Reached skill level 5 in Armour
  5786 | D:6      | Reached skill level 10 in Long Blades
  5786 | D:6      | Reached XP level 9. HP: 69/69 MP: 9/15
  6615 | D:7      | Found a staircase to the Ecumenical Temple.
  6659 | D:6      | Reached *** piety under Okawaru
  7165 | D:7      | Noticed Dowan
  7167 | D:7      | Noticed Duvessa
  7176 | D:7      | Killed Duvessa
  7176 | D:7      | Reached **** piety under Okawaru
  7176 | D:7      | Reached skill level 11 in Long Blades
  7181 | D:7      | Killed Dowan
  7181 | D:7      | Received a gift from Okawaru
  7429 | D:8      | Noticed Pikel
  7442 | D:8      | Killed Pikel
  7442 | D:8      | Reached XP level 10. HP: 73/78 MP: 16/16
  7448 | D:8      | Found a hide-covered altar of Uskayaw.
  8503 | D:9      | Reached ***** piety under Okawaru
  8801 | D:9      | Found a staircase to the Orcish Mines.
  9644 | D:9      | Reached skill level 12 in Long Blades
  9706 | D:9      | Received a gift from Okawaru
  9981 | D:10     | Entered Level 10 of the Dungeon
  9985 | D:10     | Reached XP level 11. HP: 74/82 MP: 18/18
 10003 | D:10     | Noticed a hill giant
 10205 | Orc:1    | Entered Level 1 of the Orcish Mines
 10450 | Orc:1    | Noticed an orc knight
 10478 | D:9      | Killed an orc knight
 10814 | Orc:1    | Found a roughly hewn altar of Beogh.
 10963 | Orc:1    | Noticed an orc knight
 11060 | Orc:1    | Killed an orc knight
 11147 | D:10     | Killed a hill giant
 11333 | D:10     | Reached skill level 13 in Long Blades
 11371 | D:10     | Noticed Fannar
 11390 | D:10     | Killed Fannar
 11390 | D:10     | Received a gift from Okawaru
 11596 | D:10     | Killed an unseen horror
 11727 | D:10     | Noticed Urug
 11817 | D:10     | Killed Urug
 11866 | D:10     | Noticed a hill giant
 11874 | D:10     | Killed a hill giant
 12098 | D:11     | Noticed Harold
 12101 | D:11     | Found a glowing silver altar of Zin.
 12110 | D:11     | Killed Harold
 12182 | D:11     | Noticed a seven-headed hydra
 12251 | Orc:2    | Entered Level 2 of the Orcish Mines
 12251 | Orc:2    | Found Kyruux's Gadget Shop.
 12603 | Orc:2    | Noticed an ogre mage
 12608 | Orc:2    | Reached XP level 12. HP: 77/92 MP: 19/19
 12828 | Orc:1    | Reached skill level 14 in Long Blades
 13401 | Orc:2    | Paralysed by an ogre mage for 6 turns
 13410 | Orc:2    | Killed an ogre mage
 13538 | Orc:2    | Found an iron altar of Okawaru.
 13619 | Orc:2    | Noticed an ogre mage
 13621 | Orc:2    | Noticed an ogre mage
 13621 | Orc:2    | Noticed an ogre mage
 13635 | Orc:2    | Received a gift from Okawaru
 13655 | Orc:1    | Killed an ogre mage
 14129 | Orc:2    | Killed an ogre mage
 14275 | Orc:2    | Found Zeqero's Armour Shoppe.
 14317 | Orc:2    | Reached skill level 15 in Long Blades
 14372 | Orc:2    | Found a staircase to the Elven Halls.
 14436 | Orc:2    | Found Mowal's Magic Scroll Emporium.
 14436 | Orc:2    | Found Qitu's Armour Boutique.
 14469 | Orc:2    | Found Nufoicw's Antique Armour Shop.
 14469 | Orc:2    | Found Qigako's Book Emporium.
 14492 | Orc:2    | Bought a pair of ancient gloves for 304 gold pieces
 14492 | Orc:2    | Bought a twisted ring mail for 288 gold pieces
 14502 | Orc:2    | Identified the +4 ring mail "Nibaomn" {+Fly} (You bought it in a shop on level 2 of the Orcish Mines)
 14507 | Orc:2    | Found Ciefyar's Assorted Antiques.
 14521 | Orc:2    | Reached ****** piety under Okawaru
 14527 | Orc:2    | Identified the +5 pair of gloves "Cofroisa" {rPois Str+4 Dex-4} (You bought it in a shop on level 2 of the Orcish Mines)
 14539 | Orc:2    | Noticed an ogre mage
 14545 | Orc:2    | Killed an ogre mage
 14618 | Orc:2    | Noticed an orc high priest
 14634 | Orc:2    | Killed an orc high priest
 14661 | Orc:2    | Bought a scroll of blinking for 97 gold pieces
 14661 | Orc:2    | Bought a scroll of teleportation for 39 gold pieces
 14721 | Orc:2    | Killed an ogre mage
 15006 | Orc:2    | Bought a +4 chain mail of poison resistance for 427 gold pieces
 15038 | Orc:2    | Bought a potion of curing for 81 gold pieces
 15038 | Orc:2    | Bought a bone wand for 108 gold pieces
 15052 | Orc:2    | Bought a scroll of recharging for 123 gold pieces
 15052 | Orc:2    | Bought a scroll of identify for 26 gold pieces
 15053 | Orc:2    | Gained mutation: Your mind is acute. (Int +2) [potion of beneficial mutation]
 15213 | D:11     | Found Min Meidil's Armour Boutique.
 15668 | D:11     | Reached skill level 1 in Bows
 15748 | D:11     | Found a staircase to the Lair.
 15772 | Lair:1   | Entered Level 1 of the Lair of Beasts
 15800 | Lair:1   | Noticed Gastronok
 15810 | Lair:1   | Reached XP level 13. HP: 99/99 MP: 21/21
 15825 | Lair:1   | Received a gift from Okawaru
 15839 | Lair:1   | Killed Gastronok
 15846 | Lair:1   | Got a translucent double sword {god gift}
 15847 | Lair:1   | Identified the +3 double sword of Blind Justice {drain, rC++ Str+5 Int+4} (Okawaru gifted it to you on level 1 of the Lair of Beasts)
 15907 | Lair:1   | Reached skill level 16 in Long Blades
 15931 | Lair:1   | Noticed Erica
 15939 | Lair:1   | Killed Erica
 16255 | Lair:1   | Found a dark tunnel.
 16418 | Volcano  | Entered a volcano
 16668 | Volcano  | Identified a +0 pair of boots of running (You found it in a volcano)
 16907 | Lair:2   | Reached skill level 10 in Fighting
 16919 | Lair:2   | Got a translucent ring mail
 16930 | Lair:2   | Identified the +1 ring mail of Ablirgh {Str+6 Int-5 Dex+2} (You found it on level 2 of the Lair of Beasts)
 17125 | Lair:2   | Received a gift from Okawaru
 17140 | Lair:2   | Got a pair of crude boots {god gift}
 17290 | Lair:2   | Identified the +0 pair of boots of Dim Light {rF- rC+ Stlth+} (Okawaru gifted it to you on level 2 of the Lair of Beasts)
 17340 | Lair:2   | Learned a level 2 spell: Blink
 17350 | Lair:2   | Learned a level 3 spell: Regeneration
 17587 | Lair:2   | Noticed Amnesiac's ghost (journeyman FeEn)
 17602 | Lair:2   | Killed Amnesiac's ghost
 17602 | Lair:2   | Reached skill level 17 in Long Blades
 17618 | Lair:2   | Reached skill level 1 in Charms
 18149 | Lair:3   | Reached skill level 1 in Spellcasting
 18205 | Lair:3   | Reached skill level 1 in Necromancy
 18803 | Lair:4   | Reached XP level 14. HP: 61/108 MP: 22/22
 19032 | Lair:4   | Reached skill level 18 in Long Blades
 19166 | Lair:4   | Found a staircase to the Swamp.
 19236 | Lair:4   | Received a gift from Okawaru
 19346 | Lair:4   | Found a staircase to the Snake Pit.
 19490 | Lair:4   | Found a glowing golden altar of the Shining One.
 19837 | Lair:5   | Received a gift from Okawaru
 19952 | Lair:5   | Found a staircase to the Slime Pits.
 19953 | Lair:5   | Found a viscous altar of Jiyva.
 20639 | Lair:6   | Entered Level 6 of the Lair of Beasts
 20683 | Lair:6   | Found a snail-covered altar of Cheibriados.
 20697 | Lair:6   | Reached skill level 10 in Dodging
 21120 | Lair:6   | Received a gift from Okawaru
 21202 | Lair:6   | Reached skill level 19 in Long Blades
 21205 | Lair:6   | Noticed DEFE's ghost (journeyman CeHu)
 21219 | Lair:6   | Killed DEFE's ghost
 21219 | Lair:6   | Reached skill level 10 in Armour
 21440 | Lair:6   | Reached XP level 15. HP: 89/117 MP: 23/23
 21754 | Lair:6   | Got a crude double sword
 21755 | Lair:6   | Identified the +5 double sword of the People {slice, Str+3} (You found it on level 6 of the Lair of Beasts)
 22395 | D:11     | Bought a +1 pair of gloves of archery for 297 gold pieces
 22418 | D:11     | Learned a level 9 spell: Tornado
 22666 | D:12     | Received a gift from Okawaru
 22723 | D:12     | Found Dekhat's Food Shop.
 22806 | D:12     | Bought a meat ration for 70 gold pieces
 22806 | D:12     | Bought a bread ration for 70 gold pieces
 22875 | D:12     | Found Byruurakhla's Antique Weapon Shoppe.
 22883 | D:12     | Bought a runed great sword for 182 gold pieces
 23038 | D:12     | Found Yclixiust's Food Shop.
 23178 | D:12     | Found Puriuwi's General Store.
 23181 | D:12     | Bought a potion of might for 68 gold pieces
 23367 | D:13     | Reached skill level 20 in Long Blades
 23367 | D:13     | Reached skill level 1 in Air Magic
 23662 | D:13     | Noticed Rupert
 23671 | D:13     | Killed Rupert
 23738 | D:13     | Noticed Maurice
 23743 | D:13     | Killed Maurice
 24012 | D:13     | Found a gate to the Vaults.
 24623 | D:14     | Received a gift from Okawaru
 25080 | D:15     | Entered Level 15 of the Dungeon
 25282 | D:15     | Found Ullyemat's Assorted Antiques.
 25454 | D:15     | Reached skill level 21 in Long Blades
 25478 | D:15     | Found a staircase to the Depths.
 25513 | D:15     | Found a snail-covered altar of Cheibriados.
 25796 | D:15     | Found a shadowy altar of Dithmenos.
 25807 | D:15     | Reached XP level 16. HP: 123/125 MP: 24/24
 26273 | Swamp:1  | Entered Level 1 of the Swamp
 26311 | Swamp:1  | Noticed Frances
 26326 | Swamp:1  | Killed Frances
 26372 | Swamp:1  | Found a frozen archway.
 26397 | IceCv    | Entered an ice cave
 26404 | IceCv    | Noticed jacquesderrida's ghost (journeyman VSWn)
 26418 | IceCv    | Killed jacquesderrida's ghost
 26524 | IceCv    | Reached skill level 5 in Air Magic
 26550 | IceCv    | Received a gift from Okawaru
 26553 | IceCv    | Got an ichor-stained plate armour {god gift}
 26564 | IceCv    | Identified the +8 plate armour of Okawaru's Benevolence {rElec} (Okawaru gifted it to you in an ice cave)
 26609 | IceCv    | Noticed an Ice Fiend
 26617 | IceCv    | Killed an Ice Fiend
 26987 | Swamp:1  | Noticed Louise
 27003 | Swamp:1  | Killed Louise
 27188 | Swamp:1  | Reached skill level 22 in Long Blades
 27533 | Swamp:2  | Noticed Nikola
 27557 | Swamp:2  | Killed Nikola
 27883 | Swamp:2  | Gained mutation: You evolve. [potion of beneficial mutation]
 27919 | Swamp:2  | Received a gift from Okawaru
 27938 | Swamp:2  | Got a bloodstained falchion {god gift}
 27939 | Swamp:2  | Identified the +1 falchion "Oschim" {slice, rElec} (Okawaru gifted it to you on level 2 of the Swamp)
 28665 | Swamp:3  | Noticed a thorn hunter
 28689 | Swamp:3  | Killed a thorn hunter
 29067 | Swamp:3  | Noticed Bai Suzhen
 29090 | Swamp:3  | Killed Bai Suzhen
 29228 | Swamp:4  | Entered Level 4 of the Swamp
 29244 | Swamp:4  | Reached XP level 17. HP: 133/133 MP: 25/25
 29405 | Swamp:4  | Identified Buasae Xydess's Tome of the Assistive Escort
 29418 | Swamp:4  | Reached skill level 10 in Invocations
 29420 | Swamp:4  | Received a gift from Okawaru
 29603 | Swamp:4  | Noticed Aizul
 29620 | Swamp:4  | Killed Aizul
 29799 | Swamp:4  | Reached skill level 5 in Spellcasting
 29896 | Swamp:4  | Got a decaying rune of Zot
 30273 | Snake:1  | Entered Level 1 of the Snake Pit
 31803 | Snake:2  | Received a gift from Okawaru
 31867 | Snake:2  | Reached skill level 23 in Long Blades
 32263 | Snake:2  | Learned a level 8 spell: Necromutation
 32626 | Snake:2  | Received a gift from Okawaru
 32714 | Snake:2  | Got a jewelled animal skin {god gift}
 32716 | Snake:2  | Identified the +1 animal skin of Magic {rN+ Regen+ Dex+4 Slay+3} (Okawaru gifted it to you on level 2 of the Snake Pit)
 33555 | Snake:3  | Found Fahoalab's Antique Weapon Shoppe.
 33557 | Snake:3  | Found Axegyryg's Weapon Emporium.
 33559 | Snake:3  | Found Jumiav's Gadget Shoppe.
 33562 | Snake:3  | Reached XP level 18. HP: 133/140 MP: 20/29
 33565 | Snake:3  | Bought a glowing double sword for 270 gold pieces
 33638 | Snake:3  | Found Xeirocupu's Gadget Emporium.
 33964 | Snake:3  | Found Pozuts's Food Shop.
 34295 | Snake:4  | Entered Level 4 of the Snake Pit
 34349 | Snake:4  | Reached skill level 10 in Air Magic
 35048 | Snake:4  | Noticed Asterion
 35076 | Snake:4  | Killed Asterion
 35213 | Snake:4  | Found Copei's General Store.
 35219 | Snake:4  | Bought a scroll of blinking for 105 gold pieces
 35313 | Snake:4  | Received a gift from Okawaru
 35386 | Snake:4  | Noticed Vashnia
 35606 | Snake:4  | Gained mutation: You are partially covered in rugged brown scales. (AC +1, +3% HP) [evolution]
 35606 | Snake:4  | Lost mutation: You evolve. [end of evolution]
 36086 | Snake:4  | Killed Vashnia
 36137 | Snake:4  | Received a gift from Okawaru
 36409 | Snake:4  | Reached skill level 24 in Long Blades
 36524 | Snake:4  | Got a serpentine rune of Zot
 36803 | Snake:1  | Received a gift from Okawaru
 37187 | Vaults:1 | Entered Level 1 of the Vaults
 37232 | Vaults:1 | Reached XP level 19. HP: 153/153 MP: 33/33
 37986 | Vaults:1 | Received a gift from Okawaru
 38253 | Vaults:1 | Reached skill level 10 in Spellcasting
 38282 | Vaults:1 | Got a fine lead ring
 38534 | Vaults:1 | Noticed Jorgrun
 38554 | Vaults:1 | Killed Jorgrun
 38707 | Vaults:1 | Received a gift from Okawaru
 38735 | Vaults:1 | Identified a scroll of acquirement
 38740 | Vaults:1 | Identified the ring "Boireb" {rElec Str-5 Int+4 Stlth-} (You found it on level 1 of the Vaults)
 39948 | Vaults:2 | Reached XP level 20. HP: 162/162 MP: 35/35
 40176 | Vaults:2 | Reached skill level 15 in Fighting
 40317 | Vaults:2 | Reached skill level 25 in Long Blades
 40368 | Vaults:2 | Found a staircase to the Crypt.
 41054 | Vaults:3 | Got a shimmering iron ring
 41138 | Vaults:3 | Identified the ring "Reirriyd" {rF+ rN+ Str+3} (You found it on level 3 of the Vaults)
 41283 | Vaults:3 | Received a gift from Okawaru
 41288 | Vaults:3 | Got a pitted cloak {god gift}
 41299 | Vaults:3 | Identified the +0 cloak of Sunlight {rN+ MP+9} (Okawaru gifted it to you on level 3 of the Vaults)
 42368 | Vaults:3 | Got an encrusted long sword
 42369 | Vaults:3 | Identified the +4 long sword of War {vamp, Dex+6} (You found it on level 3 of the Vaults)
 43167 | Vaults:4 | Received a gift from Okawaru
 43244 | Vaults:4 | Got a smelly ring mail {god gift}
 43245 | Vaults:4 | Identified the +1 ring mail of Complete Protection {rN+ MR+} (Okawaru gifted it to you on level 4 of the Vaults)
 43382 | Vaults:4 | Reached XP level 21. HP: 172/172 MP: 38/38
 43730 | Vaults:4 | Reached skill level 26 in Long Blades
 43743 | Vaults:4 | Got a translucent hat
 43744 | Vaults:4 | Identified the cursed +0 hat "Jeogya" {*Contam Str+2 Dex+8} (You found it on level 4 of the Vaults)
 44605 | Elf:1    | Entered Level 1 of the Elven Halls
 45429 | Elf:1    | Found Nogeil's Armour Boutique.
 45761 | Elf:1    | Received a gift from Okawaru
 46334 | Elf:2    | Found a runed gate.
 46334 | Elf:2    | Found a runed gate.
 46335 | Elf:2    | Found a runed gate.
 46829 | Elf:2    | Received a gift from Okawaru
 46835 | Elf:2    | Got a steaming triple sword {god gift}
 46836 | Elf:2    | Identified the +3 triple sword "Ecsuoleg" {freeze, *Contam +Blink SInv} (Okawaru gifted it to you on level 2 of the Elven Halls)
 46859 | Elf:2    | Cast into level 4 of the Abyss (quick blade of distortion)
 47095 | Elf:2    | Escaped the Abyss
 47232 | Elf:3    | Entered Level 3 of the Elven Halls
 47741 | Elf:3    | Reached XP level 22. HP: 176/183 MP: 40/40
 48256 | Elf:3    | Received a gift from Okawaru
 48388 | Elf:3    | Received a gift from Okawaru
 48409 | Elf:3    | Reached skill level 15 in Air Magic
 48724 | Elf:3    | Identified Sif Muna's Tome of Supportive Translocation
 48735 | Elf:3    | Got a scintillating iron ring
 48737 | Elf:3    | Identified the ring "Usoibui" {rC+ rN+ MR+ Dex+4} (You found it on level 3 of the Elven Halls)
 48788 | Elf:3    | Identified the Volume of Calling and Sinister Arts
 48798 | Elf:3    | Got a transparent long sword
 48804 | Elf:3    | Identified the +5 long sword "Seywar" {slice, +Blink rC+ MR- MP+9} (You found it on level 3 of the Elven Halls)
 48807 | Elf:3    | Got a pair of faintly glowing boots
 48818 | Elf:3    | Identified the +0 pair of boots "Angihoth" {Str+4 Dex+5} (You found it on level 3 of the Elven Halls)
 48820 | Elf:3    | Identified Taidd's Tome of Protection and Curses
 48824 | Elf:3    | Learned a level 2 spell: Repel Missiles
 48841 | Elf:3    | Learned a level 6 spell: Haste
 48964 | Elf:3    | Got a smoking plate armour
 48975 | Elf:3    | Identified the +9 plate armour of Vlad {Regen+ Str-4 Slay+5} (You found it on level 3 of the Elven Halls)
 49679 | Depths:1 | Entered Level 1 of the Depths
 49701 | Depths:1 | Reached skill level 15 in Armour
 49825 | Depths:1 | Found a gateway to Hell.
 50049 | Depths:1 | Found a one-way gate leading to the halls of Pandemonium.
 50769 | Temple   | Entered the Ecumenical Temple
 50776 | Temple   | Fell from the grace of Okawaru
 50776 | Temple   | Became a worshipper of Makhleb the Destroyer
 51072 | Crypt:1  | Entered Level 1 of the Crypt
 51117 | Crypt:1  | Noticed Margery
 51330 | Crypt:1  | Reached * piety under Makhleb
 51670 | Crypt:1  | Killed Margery
 52501 | Crypt:2  | Found a basalt altar of Yredelemnul.
 52626 | Crypt:2  | Reached ** piety under Makhleb
 52975 | Crypt:2  | Reached XP level 23. HP: 162/193 MP: 42/42
 53213 | Crypt:3  | Entered Level 3 of the Crypt
 53266 | Crypt:3  | Got a vibrating iron ring
 53275 | Crypt:3  | Reached *** piety under Makhleb
 53439 | Crypt:3  | Found an ancient bone altar of Kikubaaqudgha.
 53495 | Crypt:3  | Reached **** piety under Makhleb
 53607 | Crypt:3  | Identified the Almanac of Evil
 54184 | Crypt:3  | Found a staircase to the Tomb.
 54697 | Crypt:3  | Reached ***** piety under Makhleb
 55551 | Depths:2 | Identified the ring "Nuuqaur" {rElec rC+ rN+ Str+3} (You found it on level 3 of the Crypt)
 56425 | Depths:3 | Noticed a juggernaut
 56446 | Depths:3 | Killed a juggernaut
 56477 | Depths:3 | Reached skill level 15 in Spellcasting
 56502 | Depths:3 | Got an ancient brass amulet
 56503 | Depths:3 | Identified the amulet of Leimodu {RegenMP rC- MR+ Str+5} (You found it on level 3 of the Depths)
 56509 | Depths:3 | Noticed a caustic shrike
 56515 | Depths:3 | Killed a caustic shrike
 56694 | Depths:3 | Noticed a juggernaut
 56714 | Depths:3 | Killed a juggernaut
 56728 | Depths:3 | Reached XP level 24. HP: 188/205 MP: 38/43
 56805 | Depths:3 | Noticed a juggernaut
 56818 | Depths:3 | Killed a juggernaut
 56838 | Depths:3 | Paralysed by a giant eyeball for 4 turns
 56857 | Depths:3 | Paralysed by a giant eyeball for 2 turns
 57022 | Depths:2 | Noticed an ancient lich
 57031 | Depths:2 | Killed an ancient lich
 57046 | Depths:2 | Reached ****** piety under Makhleb
 57571 | Depths:2 | Noticed a juggernaut
 58391 | Depths:4 | Noticed Jory
 58415 | Depths:4 | Killed Jory
 58425 | Depths:4 | Found a gateway to a ziggurat.
 58443 | Depths:4 | Found a one-way gate to the infinite horrors of the Abyss.
 59042 | Depths:4 | Found a viscous altar of Jiyva.
 59576 | Depths:4 | Was forgiven by Okawaru
 59876 | Depths:5 | Entered Level 5 of the Depths
 59974 | Depths:5 | Reached XP level 25. HP: 215/215 MP: 44/44
 60686 | Depths:5 | Noticed stickyfingers's ghost (adept HOMo)
 60749 | Depths:5 | Killed stickyfingers's ghost
 60817 | Depths:5 | Found a runed door.
 60817 | Depths:5 | Found a runed door.
 60965 | Depths:5 | Found a runed door.
 60972 | Depths:5 | Found a runed door.
 60993 | Depths:5 | Found a runed door.
 60993 | Depths:5 | Found a runed door.
 61147 | Depths:5 | Found a gate to the Realm of Zot.
 61704 | Vaults:5 | Entered Level 5 of the Vaults
 61778 | Vaults:5 | Slain by a vault guard

Vault maps used:
D:1:      dpeg_arrival_tiny_g, serial_forest, infiniplex_forest_zigzag_1,
          infiniplex_forest_straight_3, infiniplex_forest_clump_medium,
          infiniplex_forest_clump_tiny, infiniplex_forest_lined_3_way,
          infiniplex_forest_zigzag_1, infiniplex_forest_lined_4_way,
          infiniplex_forest_clump_long, columned_hall_lemuel
D:2:      grunt_temple_overflow_open, grunt_gozag_statues
D:3:      overflow_temple_1_default, nicolae_qazlal_style_of_elements,
          first_bread, minmay_misc_feat_iff, feat_on_display
D:4:      serial_shops, shop, uniq_edmund
D:5:      uniq_prince_ribbit1
D:6:      kiku_gazebo_garden_becter
D:7:      the_bakery, minivault_25, uniq_duvessa
D:8:      eat_drink_and_be_merry_uskayaw, uniq_pikel
D:9:      kennysheep_seaside_town, orc_david_3
D:10:     hangedman_tell_no_tales, uniq_fannar, uniq_urug
D:11:     grunt_lair_entry_orc_guard_hut, basic_altar, serial_shops,
          nicolae_shop_crystal, uniq_harold
D:12:     serial_glass, glass_columns_b, glass_columns_c, glass_columns_b,
          glass_columns_a, glass_columns_b, glass_columns_a, glass_columns_b,
          glass_columns_a, glass_columns_c, glass_columns_a, serial_shops, shop,
          kennysheep_mini, nicolae_shop_window_shopping, shop
D:13:     david_vaults_4, kennysheep_small_square, uniq_rupert, uniq_maurice
D:14:     minivault_14
D:15:     grunt_enter_depths_magical_seal, nicolae_dithmenos_the_darkroom,
          serial_shops, nicolae_shop_overgrown_old_shop, basic_altar
Temple:   minmay_freezing_vapour_temple
Lair:1:   enter_volcano_4, grunt_megastairs_1, uniq_gastronok, uniq_erica
Lair:2:   beast_lair_carwin_large_3, st_stairs_8
Lair:3:   beast_lair_carwin_1, grunt_megastairs_3, infiniplex_staircase_pool_2
Lair:4:   regret_index_tunnel_blossom, swamp_mist, dummy_snake_entry,
          basic_altar, lemuel_fruit_fields
Lair:5:   slime_altar_1, grunt_megastairs_5
Lair:6:   evilmike_catoblepas_cave, nicolae_lair_grove_arrangements,
          kennysheep_snail_temple
Swamp:1:  portal_ice_cave_entry_frozen_things, evilmike_swamp_ruin_house_2,
          swamp_pool3, uniq_frances, uniq_louise
Swamp:2:  nicolae_swamp_trees_clearing, uniq_nikola
Swamp:3:  cheibrodos_swamp_heart_of_darkness, evilmike_swamp_ruin_house_4,
          uniq_bai_suzhen
Swamp:4:  swamp_icy, uniq_aizul
Snake:2:  lemuel_fruit_tree
Snake:3:  serial_shops, nicolae_shop_competitors_out_of_business, shop,
          minmay_shop_star
Snake:4:  johnstein_snake_rune_scales, serial_shops, nicolae_shop_behind_doors,
          st_stairs_1, nrook_loot_triangle, uniq_asterion
Orc:1:    basic_altar
Orc:2:    st_orc_ogre_mass, special_room, serial_shops,
          nicolae_shop_behind_doors, shop, nicolae_shop_window_shopping,
          okawaru_metal_pillars_1_2
Elf:1:    serial_shops, nicolae_shop_stone, hangedman_corner_corridor,
          st_stairs_4
Elf:2:    lemuel_flame_loot_1
Elf:3:    minmay_elf_hall_hex
Vaults:1: v_rooms_3, v_misc_13, vaults_mumra_hexcomb, v_misc_22,
          dpeg_vaults_monster_box, nicolae_vaults_meeting,
          ontoclasm_vaults_shuriken, vaults_dpeg_cross,
          nicolae_vaults_windows_and_doors_thing, uniq_jorgrun
Vaults:2: minmay_crypt_entry_simple_sparse, v_misc_30,
          nicolae_vaults_yaktaur_gun_rack, hangedman_vaults_cutoff, v_misc_10,
          nicolae_vaults_murderbox, v_misc_17, v_misc_13
Vaults:3: grunt_vaults_bifocal, st_greater_box_1, vaults_dpeg_hooks,
          nicolae_vaults_twisting_passages, v_alt_pattern_2,
          ontoclasm_vaults_ring_large, grunt_vaults_twisty, v_pattern_3,
          nicolae_vaults_what_the_h, vaults_dpeg_doors, v_misc_23,
          ontoclasm_vaults_ligature, v_rooms_1
Vaults:4: v_misc_9, hangedman_vaults_capsules, v_misc_28, st_spiral_rooms,
          ontoclasm_vaults_spin, vaults_dpeg_diagonal, nicolae_vaults_triangles,
          nicolae_vaults_alarming, vaults_room_pool, vaults_room_stairs_pillars,
          vaults_room_hallway, nicolae_vaults_little_squares_5,
          nicolae_vaults_little_squares_2
Crypt:1:  grunt_crypt_arrival_webbed, uniq_margery
Crypt:2:  basic_altar, minivault_4, roderic_lattice_octagonal_star
Crypt:3:  church_of_pain_bobbens, tomb_entry_forgotten_bobbens, serial_glass,
          glass_columns_b, glass_columns_c
Depths:1: hangedman_tar_grid_catacomb, abandoned_shop, pan_entry,
          kennysheep_small_spiral
Depths:2: lemuel_river_lethe, hell_entry, abyss_entry, serial_shops
Depths:3: cell_vault, pan_entry, serial_shops, bzr_firewalk, hell_entry
Depths:4: minmay_box_of_statues, enter_ziggurat_f, special_room, abyss_entry,
          hell_entry, infiniplex_staircase_star, serial_bayou_shore_a, uniq_jory
Depths:5: evilmike_zot_entry_castle, hangedman_decor_push, serial_bayou,
          serial_bayou_pond_b, serial_bayou_ford_a, hell_entry
Abyss:4:  hangedman_grunt_abyss_rune_horror_hoard,
          serial_sigils_hangedman_quiver
IceCv:    ice_cave_tombish
Volcano:  volcano_pools

Skill      XL: |  1  2  3  4  5  6  7  8  9 10 11 12 13 14 15 16 17 18 19 20 21 22 23 24 25 |
---------------+----------------------------------------------------------------------------+-----
Long Blades    | 3 4 6 10 11 12 13 15 17 19 21 22 23 24 25 26 | 26.4
Armour         | 3 4 6 7 8 9 10 12 13 14 15 16 17 | 17.5
Shields        | 3 4 |  4.6
Dodging        | 1 2 3 6 7 8 9 10 11 12 13 | 13.3
Fighting       | 4 6 7 8 9 10 11 12 13 14 15 16 18 19 21 22 | 22.0
Invocations    | 7 8 9 10 | 10.2
Bows           | 1 2 |  2.1
Charms         | 2 |  2.3
Spellcasting   | 1 3 7 9 10 12 13 14 15 16 | 16.6
Necromancy     | 1 |  1.5
Air Magic      | 4 7 9 11 12 13 14 15 16 17 18 | 18.3

Action                   |  1- 3 |  4- 6 |  7- 9 | 10-12 | 13-15 | 16-18 | 19-21 | 22-24 | 25-27 || total
-------------------------+-------+-------+-------+-------+-------+-------+-------+-------+-------++-------
Melee: Long sword        |   153 |   186 |   385 |   414 |       |       |       |       |       ||  1138
       Great sword       |       |       |       |   667 |    33 |  1568 |  2814 |  2009 |   513 ||  7604
       Double sword      |       |       |       |       |  1336 |   658 |       |       |       ||  1994
       Scimitar          |       |       |       |       |    83 |    40 |       |       |       ||   123
       Triple sword      |       |       |       |       |       |       |       |   561 |       ||   561
 Fire: Shortbow          |       |       |       |    34 |       |       |       |       |       ||    34
 Cast: Repel Missiles    |       |       |       |       |       |       |       |     1 |       ||     1
Invok: Heroism           |       |       |     2 |    10 |     4 |    10 |    10 |     3 |       ||    39
Evoke: Wand              |       |       |     2 |    11 |       |     1 |       |     2 |       ||    16
       Box of beasts     |       |       |       |       |     1 |       |       |       |       ||     1
       Lamp of fire      |       |       |       |       |       |       |       |     3 |       ||     3
       Phial of floods   |       |       |       |       |       |       |       |     1 |       ||     1
       Phantom mirror    |       |       |       |       |       |       |       |     1 |       ||     1
  Use: Scroll            |     4 |     2 |    11 |     9 |    16 |    15 |    20 |    13 |     1 ||    91
       Potion            |       |     4 |     4 |     4 |     4 |    11 |     7 |    10 |     1 ||    45
 Stab: Invisible         |       |       |     2 |     2 |       |       |    11 |       |       ||    15
       Distracted        |       |       |       |     3 |     1 |       |       |       |       ||     4
       Sleeping          |       |       |       |       |     1 |       |       |       |       ||     1
       Held in net/web   |       |       |       |       |       |       |       |     5 |       ||     5
  Eat: Chunk             |     4 |     4 |       |     2 |       |       |     1 |     3 |     1 ||    15
       Pizza             |       |     1 |     1 |       |       |     2 |     1 |     1 |       ||     6
       Meat ration       |       |     1 |       |     5 |     4 |     7 |     5 |     5 |     1 ||    28
       Beef jerky        |       |       |     2 |       |       |     1 |     2 |     2 |       ||     7
       Bread ration      |       |       |     1 |       |     2 |     2 |     2 |     8 |       ||    15
       Fruit             |       |       |       |     2 |       |     3 |       |     1 |       ||     6
       Royal jelly       |       |       |       |     2 |     4 |       |       |       |       ||     6
Armor: Scale mail        |    61 |    22 |       |       |       |       |       |       |       ||    83
       Chain mail        |       |    42 |   121 |   332 |    46 |       |       |       |       ||   541
       Ring mail         |       |       |       |    23 |   312 |       |       |       |       ||   335
       Plate armour      |       |       |       |       |    20 |  1285 |  1397 |  1304 |   303 ||  4309
Dodge: Dodged            |    31 |    69 |   126 |   615 |   663 |  1192 |  1359 |  1572 |   384 ||  6011
       Deflected         |       |       |       |       |       |       |       |     8 |       ||     8
Block: Shield            |    42 |       |       |       |       |       |       |       |       ||    42
       Buckler           |     8 |    37 |    93 |   107 |   367 |   212 |       |       |       ||   824
       Other             |       |       |       |       |       |   134 |   116 |       |       ||   250
       Reflection        |       |       |       |       |       |    19 |    12 |       |       ||    31
